3040 views
Uploaded 2020-03-16 11:07:26
Game version 1.32.2
11:31 long 4on4 ladder game on (8)GolemsInTheMist_LV
Saved by TALONSARIMBA
3040 views
Uploaded 2020-03-16 11:07:26
Game version 1.32.2
11:31 long 4on4 ladder game on (8)GolemsInTheMist_LV


85 units @ 9.5k
/ 0.9k
42 buildings @ 7.2k
/ 2.4k

| Rod of Necromancy | 1 | 150 |
| Lesser Clarity Potion | 2 | 140 |
| Potion of Mana | 2 | 400 |
| Scroll of Town Portal | 2 | 700 |
| Healing Salve | 1 | 100 |
| total: | 8 | 1490g |
| Acolyte | 3 | 225 | / | 0 |
| Ghoul | 10 | 1200 | / | 0 |
| total: | 13 | 1425g | / | 0w |
| Crypt | 3 | 600 | / | 150 |
| Ziggurat | 5 | 750 | / | 250 |
| Altar of Darkness | 1 | 180 | / | 50 |
| Tomb of Relics | 1 | 130 | / | 30 |
| Graveyard | 1 | 215 | / | 0 |
| Halls of the Dead | 1 | 320 | / | 210 |
| Black Citadel | 1 | 325 | / | 230 |
| total: | 11 | 1875g | / | 480w |
| 0:12 | Acolyte |
| 0:12 | Acolyte |
| 0:15 | Crypt |
| 0:17 | Crypt |
| 0:20 | Ziggurat |
| 0:44 | Altar of Darkness |
| 0:56 | Acolyte |
| 1:16 | Tomb of Relics |
| 1:18 | Ghoul |
| 1:37 | Ghoul |
| 1:54 | Ghoul |
| 1:57 | Ziggurat |
| 2:18 | Crypt |
| 2:40 | Ghoul |
| 2:44 | Carrion Swarm |
| 2:44 | Rod of Necromancy |
| 3:15 | Halls of the Dead |
| 3:39 | Ghoul |
| 3:50 | Vampiric Aura |
| 4:04 | Graveyard |
| 4:33 | Ghoul |
| 4:36 | Cannibalize |
| 5:09 | Carrion Swarm |
| 5:47 | Black Citadel |
| 5:48 | Unholy Strength |
| 5:48 | Unholy Armor |
| 5:49 | Ziggurat |
| 6:46 | Ghoul |
| 6:49 | Scroll of Town Portal |
| 7:08 | Lesser Clarity Potion |
| 7:21 | Ghoul |
| 7:26 | Potion of Mana |
| 8:17 | Vampiric Aura |
| 8:20 | Ghoul Frenzy |
| 8:53 | Scroll of Town Portal |
| 8:59 | Improved Unholy Strength |
| 9:01 | Ghoul |
| 9:28 | Healing Salve |
| 9:29 | Lesser Clarity Potion |
| 9:32 | Potion of Mana |
| 10:21 | Ghoul |
| 10:23 | Advanced Unholy Strength |
| 11:10 | Ziggurat |
| 11:10 | Ziggurat |
| 11:22 | Carrion Swarm |
| Select group | 874 |
| Right click | 449 |
| Select | 124 |
| Build/train/purchase | 47 |
| Misc. action | 31 |
| Assign group | 29 |
| Use ability | 17 |
| Chat | 9 |
| Item give/drop | 1 |
| Minimap ping | 1 |


| Healing Salve | 6 | 600 |
| Lesser Clarity Potion | 3 | 210 |
| Scroll of Speed | 1 | 50 |
| Scroll of Healing | 1 | 250 |
| Scroll of Town Portal | 1 | 350 |
| total: | 12 | 1460g |
| Peon | 8 | 600 | / | 0 |
| Troll Headhunter | 12 | 1680 | / | 240 |
| total: | 20 | 2280g | / | 240w |
| Altar of Storms | 1 | 180 | / | 50 |
| Orc Burrow | 4 | 640 | / | 160 |
| War Mill | 1 | 205 | / | 0 |
| Barracks | 2 | 360 | / | 100 |
| Voodoo Lounge | 1 | 130 | / | 30 |
| Spirit Lodge | 2 | 300 | / | 300 |
| Stronghold | 1 | 315 | / | 190 |
| Fortress | 1 | 325 | / | 190 |
| total: | 11 | 1815g | / | 640w |
| 0:01 | Peon |
| 0:01 | Peon |
| 0:06 | Altar of Storms |
| 0:17 | Orc Burrow |
| 0:20 | Peon |
| 0:31 | Peon |
| 0:47 | War Mill |
| 0:55 | Peon |
| 1:12 | Barracks |
| 1:19 | Peon |
| 1:37 | Voodoo Lounge |
| 1:49 | Orc Burrow |
| 2:05 | Endurance Aura |
| 2:13 | Barracks |
| 2:20 | Troll Headhunter |
| 2:35 | Troll Headhunter |
| 2:44 | Healing Salve |
| 2:52 | Peon |
| 3:05 | Troll Headhunter |
| 3:18 | Troll Headhunter |
| 3:34 | Troll Headhunter |
| 3:49 | Troll Headhunter |
| 3:50 | Peon |
| 4:03 | War Stomp |
| 4:17 | Stronghold |
| 4:34 | Orc Burrow |
| 4:51 | Steel Ranged Weapons |
| 5:21 | Orc Burrow |
| 5:27 | Troll Headhunter |
| 5:42 | Healing Salve |
| 5:42 | Lesser Clarity Potion |
| 5:47 | Healing Salve |
| 6:20 | Troll Headhunter |
| 7:02 | Fortress |
| 7:11 | Troll Regeneration |
| 7:21 | War Stomp |
| 7:58 | Scroll of Healing |
| 8:07 | Spirit Lodge |
| 8:43 | Hex |
| 8:44 | Healing Salve |
| 8:44 | Healing Salve |
| 8:44 | Healing Salve |
| 8:44 | Lesser Clarity Potion |
| 8:44 | Lesser Clarity Potion |
| 8:46 | Scroll of Speed |
| 8:50 | Endurance Aura |
| 9:22 | Troll Headhunter |
| 9:51 | Berserker Upgrade |
| 9:52 | Troll Headhunter |
| 9:54 | Shaman Adept Training |
| 10:17 | Troll Headhunter |
| 10:18 | Troll Headhunter |
| 10:51 | Scroll of Town Portal |
| 11:00 | Shaman Master Training |
| 11:16 | Spirit Lodge |
| Select group | 1114 |
| Select | 432 |
| Right click | 407 |
| Misc. action | 82 |
| Assign group | 74 |
| Build/train/purchase | 58 |
| Use ability | 21 |
| Chat | 12 |
| Item give/drop | 7 |


| Healing Salve | 2 | 200 |
| Lesser Clarity Potion | 1 | 70 |
| Scroll of Town Portal | 1 | 350 |
| total: | 4 | 620g |
| Peon | 7 | 525 | / | 0 |
| Troll Headhunter | 16 | 2240 | / | 320 |
| Forest Troll Berserker | 1 | 245 | / | 30 |
| total: | 24 | 3010g | / | 350w |
| Altar of Storms | 1 | 180 | / | 50 |
| War Mill | 1 | 205 | / | 0 |
| Barracks | 1 | 180 | / | 50 |
| Orc Burrow | 4 | 640 | / | 160 |
| Voodoo Lounge | 1 | 130 | / | 30 |
| Spirit Lodge | 1 | 150 | / | 150 |
| Stronghold | 1 | 315 | / | 190 |
| Fortress | 1 | 325 | / | 190 |
| total: | 9 | 1485g | / | 440w |
| 0:04 | Altar of Storms |
| 0:11 | War Mill |
| 0:11 | Peon |
| 0:30 | Barracks |
| 0:42 | Peon |
| 0:58 | Peon |
| 1:15 | Orc Burrow |
| 1:26 | Peon |
| 1:42 | Peon |
| 1:54 | Orc Burrow |
| 2:06 | Troll Headhunter |
| 2:21 | Peon |
| 2:28 | Troll Headhunter |
| 2:39 | Voodoo Lounge |
| 2:51 | Troll Headhunter |
| 2:51 | Troll Headhunter |
| 2:59 | Peon |
| 3:11 | War Stomp |
| 3:13 | Troll Headhunter |
| 3:32 | Troll Headhunter |
| 3:57 | Troll Headhunter |
| 4:11 | Stronghold |
| 4:16 | Endurance Aura |
| 4:28 | Orc Burrow |
| 4:33 | Healing Salve |
| 5:44 | Forest Troll Berserker |
| 5:48 | Troll Headhunter |
| 5:50 | Orc Burrow |
| 5:56 | Steel Ranged Weapons |
| 5:59 | Troll Headhunter |
| 6:31 | War Stomp |
| 6:32 | Troll Headhunter |
| 6:32 | Troll Headhunter |
| 7:01 | Healing Salve |
| 7:10 | Lesser Clarity Potion |
| 7:11 | Scroll of Town Portal |
| 7:15 | Troll Headhunter |
| 8:35 | Troll Headhunter |
| 8:35 | Troll Headhunter |
| 8:56 | Troll Headhunter |
| 8:57 | Fortress |
| 9:27 | Endurance Aura |
| 9:33 | Hex |
| 9:39 | Troll Headhunter |
| 9:43 | Spirit Lodge |
| 10:16 | Healing Wave |
| 10:33 | Thorium Ranged Weapons |
| Right click | 846 |
| Select | 406 |
| Select group | 253 |
| Misc. action | 132 |
| Chat | 61 |
| Build/train/purchase | 53 |
| Assign group | 16 |
| Use ability | 11 |
| Item give/drop | 1 |
| Esc | 1 |
| Minimap ping | 1 |

| Lesser Clarity Potion | 2 | 140 |
| Boots of Speed | 1 | 250 |
| total: | 3 | 390g |
| Wisp | 18 | 1080 | / | 0 |
| Archer | 8 | 1040 | / | 80 |
| Mountain Giant | 2 | 700 | / | 200 |
| total: | 28 | 2820g | / | 280w |
| Moon Well | 4 | 720 | / | 160 |
| Altar of Elders | 1 | 180 | / | 50 |
| Ancient of War | 1 | 150 | / | 60 |
| Tree of Life | 1 | 340 | / | 185 |
| Ancient of Wonders | 1 | 90 | / | 30 |
| Hunter's Hall | 1 | 210 | / | 100 |
| Ancient of Lore | 2 | 310 | / | 290 |
| Tree of Ages | 1 | 320 | / | 180 |
| Tree of Eternity | 1 | 330 | / | 200 |
| total: | 11 | 2000g | / | 875w |
| 0:04 | Wisp |
| 0:05 | Wisp |
| 0:05 | Wisp |
| 0:05 | Wisp |
| 0:05 | Wisp |
| 0:05 | Wisp |
| 0:05 | Wisp |
| 0:06 | Wisp |
| 0:35 | Moon Well |
| 0:48 | Altar of Elders |
| 1:03 | Ancient of War |
| 1:10 | Wisp |
| 1:11 | Wisp |
| 1:12 | Wisp |
| 1:26 | Moon Well |
| 2:07 | Archer |
| 2:07 | Archer |
| 2:44 | Archer |
| 2:50 | Force of Nature |
| 3:14 | Archer |
| 3:54 | Tree of Life |
| 4:08 | Entangling Roots |
| 4:15 | Archer |
| 4:17 | Tree of Ages |
| 4:31 | Archer |
| 4:33 | Moon Well |
| 4:37 | Ancient of Wonders |
| 4:42 | Archer |
| 4:43 | Archer |
| 5:23 | Moon Well |
| 5:36 | Hunter's Hall |
| 5:48 | Lesser Clarity Potion |
| 6:14 | Lesser Clarity Potion |
| 6:17 | Wisp |
| 6:17 | Wisp |
| 6:17 | Wisp |
| 6:17 | Wisp |
| 6:17 | Wisp |
| 6:39 | Wisp |
| 6:39 | Wisp |
| 6:42 | Ancient of Lore |
| 6:43 | Ancient of Lore |
| 7:02 | Improved Bows |
| 7:19 | Force of Nature |
| 7:45 | Boots of Speed |
| 8:01 | Mountain Giant |
| 8:03 | Tree of Eternity |
| 8:05 | Reinforced Hides |
| 8:05 | Improved Reinforced Hides |
| 8:58 | Entangling Roots |
| 9:26 | Mountain Giant |
| 10:15 | Advanced Reinforced Hides |
| 10:25 | Hardened Skin |
| 10:25 | Resistant Skin |
| 11:07 | Force of Nature |
| Right click | 273 |
| Select group | 204 |
| Select | 127 |
| Misc. action | 59 |
| Build/train/purchase | 51 |
| Assign group | 20 |
| Use ability | 17 |
| Chat | 8 |
| Item give/drop | 2 |
101 units @ 12.6k
/ 1.4k
53 buildings @ 7k
/ 2.5k


| Peasant | 15 | 1125 | / | 0 |
| Rifleman | 10 | 2050 | / | 300 |
| Priest | 2 | 270 | / | 20 |
| Forest Troll Shadow Priest | 1 | 195 | / | 10 |
| total: | 28 | 3640g | / | 330w |
| Scout Tower | 1 | 30 | / | 20 |
| Arcane Tower | 1 | 70 | / | 50 |
| Altar of Kings | 1 | 180 | / | 50 |
| Farm | 7 | 560 | / | 140 |
| Blacksmith | 1 | 140 | / | 60 |
| Barracks | 1 | 160 | / | 60 |
| Arcane Vault | 1 | 130 | / | 30 |
| Lumber Mill | 1 | 120 | / | 0 |
| Arcane Sanctum | 1 | 150 | / | 140 |
| Workshop | 1 | 140 | / | 140 |
| Keep | 1 | 320 | / | 210 |
| total: | 15 | 1610g | / | 640w |
| 0:05 | Peasant |
| 0:05 | Peasant |
| 0:10 | Altar of Kings |
| 0:13 | Farm |
| 0:33 | Peasant |
| 0:45 | Blacksmith |
| 1:00 | Peasant |
| 1:35 | Peasant |
| 1:35 | Peasant |
| 1:46 | Barracks |
| 1:52 | Peasant |
| 2:03 | Scout Tower |
| 2:07 | Farm |
| 2:14 | Holy Light |
| 2:21 | Peasant |
| 2:32 | Arcane Tower |
| 2:48 | Rifleman |
| 2:55 | Farm |
| 3:02 | Rifleman |
| 3:26 | Arcane Vault |
| 3:38 | Farm |
| 3:55 | Rifleman |
| 4:00 | Peasant |
| 4:19 | Farm |
| 4:23 | Peasant |
| 4:24 | Rifleman |
| 4:52 | Keep |
| 4:56 | Rifleman |
| 5:29 | Rifleman |
| 5:48 | Devotion Aura |
| 5:58 | Forest Troll Shadow Priest |
| 6:04 | Farm |
| 7:27 | Arcane Sanctum |
| 7:28 | Rifleman |
| 7:29 | Long Rifles |
| 7:33 | Lumber Mill |
| 7:38 | Workshop |
| 8:31 | Holy Light |
| 8:57 | Rifleman |
| 8:57 | Rifleman |
| 9:02 | Banish |
| 9:08 | Priest |
| 9:08 | Priest |
| 9:10 | Farm |
| 9:50 | Rifleman |
| 9:56 | Peasant |
| 9:56 | Peasant |
| 10:00 | Peasant |
| 10:00 | Peasant |
| 10:00 | Peasant |
| Right click | 339 |
| Select | 121 |
| Select group | 62 |
| Build/train/purchase | 38 |
| Misc. action | 35 |
| Assign group | 5 |
| Use ability | 5 |
| Item give/drop | 2 |
| Remove unit | 1 |


| Rod of Necromancy | 3 | 450 |
| Potion of Healing | 3 | 450 |
| Scroll of Town Portal | 1 | 350 |
| total: | 7 | 1250g |
| Acolyte | 2 | 150 | / | 0 |
| Ghoul | 3 | 360 | / | 0 |
| Crypt Fiend | 9 | 1935 | / | 360 |
| Obsidian Statue | 2 | 400 | / | 70 |
| total: | 16 | 2845g | / | 430w |
| Nerubian Tower | 1 | 100 | / | 20 |
| Graveyard | 1 | 215 | / | 0 |
| Crypt | 1 | 200 | / | 50 |
| Ziggurat | 4 | 600 | / | 200 |
| Altar of Darkness | 1 | 180 | / | 50 |
| Tomb of Relics | 1 | 130 | / | 30 |
| Slaughterhouse | 1 | 140 | / | 135 |
| Halls of the Dead | 1 | 320 | / | 210 |
| Black Citadel | 1 | 325 | / | 230 |
| total: | 9 | 1465g | / | 465w |
| 0:03 | Acolyte |
| 0:03 | Acolyte |
| 0:13 | Graveyard |
| 0:17 | Crypt |
| 0:25 | Ziggurat |
| 0:46 | Altar of Darkness |
| 1:13 | Ziggurat |
| 1:20 | Ghoul |
| 1:30 | Tomb of Relics |
| 1:41 | Ghoul |
| 2:01 | Crypt Fiend |
| 2:11 | Nerubian Tower |
| 2:33 | Crypt Fiend |
| 2:49 | Rod of Necromancy |
| 2:57 | Death Coil |
| 3:18 | Crypt Fiend |
| 3:44 | Halls of the Dead |
| 4:08 | Ziggurat |
| 4:12 | Unholy Aura |
| 4:14 | Crypt Fiend |
| 4:40 | Rod of Necromancy |
| 4:44 | Ghoul |
| 5:27 | Creature Attack |
| 5:28 | Crypt Fiend |
| 5:59 | Ziggurat |
| 6:31 | Black Citadel |
| 7:06 | Potion of Healing |
| 7:10 | Rod of Necromancy |
| 7:20 | Slaughterhouse |
| 7:28 | Frost Nova |
| 7:48 | Scroll of Town Portal |
| 8:10 | Crypt Fiend |
| 8:30 | Obsidian Statue |
| 8:49 | Death Coil |
| 10:11 | Potion of Healing |
| 10:19 | Crypt Fiend |
| 10:21 | Obsidian Statue |
| 10:28 | Frost Armor |
| 10:57 | Potion of Healing |
| 11:25 | Crypt Fiend |
| 11:25 | Crypt Fiend |
| Right click | 551 |
| Select group | 375 |
| Select | 282 |
| Build/train/purchase | 55 |
| Assign group | 24 |
| Use ability | 12 |
| Misc. action | 5 |
| Minimap ping | 5 |
| Item give/drop | 4 |
⇛
SlaizerAizek
(2)
(10:38) : 
| Scroll of Regeneration | 2 | 200 |
| Lesser Clarity Potion | 2 | 140 |
| total: | 4 | 340g |
| Peasant | 10 | 750 | / | 0 |
| Footman | 5 | 675 | / | 0 |
| Rifleman | 5 | 1025 | / | 150 |
| total: | 20 | 2450g | / | 150w |
| Scout Tower | 3 | 90 | / | 60 |
| Arcane Tower | 1 | 70 | / | 50 |
| Altar of Kings | 2 | 360 | / | 100 |
| Farm | 7 | 560 | / | 140 |
| Barracks | 2 | 320 | / | 120 |
| Lumber Mill | 1 | 120 | / | 0 |
| Arcane Vault | 1 | 130 | / | 30 |
| Blacksmith | 1 | 140 | / | 60 |
| total: | 17 | 1720g | / | 510w |
| 0:05 | Peasant |
| 0:05 | Peasant |
| 0:06 | Peasant |
| 0:12 | Altar of Kings |
| 0:15 | Altar of Kings |
| 0:23 | Farm |
| 0:27 | Scout Tower |
| 0:40 | Barracks |
| 0:52 | Peasant |
| 1:04 | Peasant |
| 1:29 | Lumber Mill |
| 1:38 | Arcane Tower |
| 1:42 | Footman |
| 1:55 | Footman |
| 2:02 | Farm |
| 2:06 | Arcane Vault |
| 2:23 | Flame Strike |
| 2:42 | Farm |
| 2:45 | Farm |
| 2:48 | Farm |
| 3:07 | Footman |
| 3:26 | Blacksmith |
| 4:03 | Barracks |
| 4:10 | Farm |
| 4:19 | Footman |
| 4:32 | Footman |
| 4:47 | Rifleman |
| 4:57 | Farm |
| 5:30 | Scroll of Regeneration |
| 5:32 | Lesser Clarity Potion |
| 5:37 | Rifleman |
| 5:53 | Scout Tower |
| 5:58 | Scout Tower |
| 6:18 | Rifleman |
| 6:32 | Siphon Mana |
| 6:40 | Peasant |
| 6:41 | Peasant |
| 6:41 | Peasant |
| 6:41 | Peasant |
| 6:59 | Lesser Clarity Potion |
| 7:32 | Scroll of Regeneration |
| 7:50 | Peasant |
| 8:44 | Rifleman |
| 9:19 | Rifleman |
| Right click | 417 |
| Select | 142 |
| Build/train/purchase | 34 |
| Use ability | 15 |
| Chat | 14 |
| Minimap ping | 8 |
| Misc. action | 6 |
| Resource trade | 4 |
| Remove unit | 2 |

| Wisp | 18 | 1080 | / | 0 |
| Archer | 13 | 1690 | / | 130 |
| Dryad | 6 | 870 | / | 360 |
| total: | 37 | 3640g | / | 490w |
| Altar of Elders | 1 | 180 | / | 50 |
| Moon Well | 5 | 900 | / | 200 |
| Ancient of War | 1 | 150 | / | 60 |
| Hunter's Hall | 1 | 210 | / | 100 |
| Tree of Life | 1 | 340 | / | 185 |
| Ancient of Wonders | 1 | 90 | / | 30 |
| Ancient of Lore | 2 | 310 | / | 290 |
| Tree of Ages | 1 | 320 | / | 180 |
| total: | 12 | 2180g | / | 915w |
| 0:07 | Wisp |
| 0:07 | Wisp |
| 0:07 | Wisp |
| 0:23 | Altar of Elders |
| 0:25 | Moon Well |
| 0:32 | Ancient of War |
| 0:43 | Wisp |
| 1:05 | Wisp |
| 1:30 | Wisp |
| 1:31 | Wisp |
| 1:34 | Archer |
| 1:35 | Archer |
| 1:41 | Moon Well |
| 1:50 | Archer |
| 1:50 | Archer |
| 1:58 | Wisp |
| 2:11 | Moon Well |
| 2:23 | Force of Nature |
| 2:52 | Archer |
| 2:52 | Archer |
| 2:58 | Wisp |
| 2:58 | Wisp |
| 3:23 | Hunter's Hall |
| 3:38 | Tree of Ages |
| 4:34 | Archer |
| 4:46 | Entangling Roots |
| 4:56 | Tree of Life |
| 5:15 | Archer |
| 5:16 | Archer |
| 5:20 | Strength of the Wild |
| 5:25 | Moon Well |
| 5:30 | Moon Well |
| 5:41 | Reinforced Hides |
| 6:08 | Archer |
| 6:08 | Archer |
| 6:09 | Wisp |
| 6:09 | Wisp |
| 7:03 | Ancient of Wonders |
| 7:07 | Wisp |
| 7:07 | Wisp |
| 7:13 | Ancient of Lore |
| 7:16 | Ancient of Lore |
| 7:38 | Wisp |
| 7:38 | Wisp |
| 7:38 | Wisp |
| 8:51 | Dryad |
| 8:52 | Dryad |
| 9:36 | Dryad |
| 9:38 | Archer |
| 9:38 | Archer |
| 10:01 | Dryad |
| 10:12 | Wisp |
| 10:23 | Dryad |
| 10:42 | Dryad |
| Right click | 234 |
| Select | 188 |
| Build/train/purchase | 44 |
| Use ability | 23 |
| Remove unit | 2 |
| Minimap ping | 1 |